AoeStats
← tbouriel

Nomad

503242000Analyzed
1v1 RM · 11d ago on Aug 30, 2026· 54m 28s· 2 players
Game mode
Random Map
Map size
126×126
Population
200
Speed
Normal
Resources
Standard
Victory
Conquest
Starting age
Dark Age
Ending age
Imperial Age
RankedLock teamsTeams togetherTeam positionsShared explorationLock speedFull tech treeHidden civsTurbo modeCheats
Victory
Defeat
🇫🇷 Teutons · France
971
+16
🇫🇷 Malians · France
961
-16
tbouriel
13:46 Feudal Age
13:02 Loom
14:49 Double-Bit Axe
24:28 Castle Age
25:21 Stone Mining
25:22 Gold Mining
30:08 Forging
31:27 Gold Shaft Mining
31:38 Iron Casting
33:11 Bow Saw
42:24 Imperial Age
42:14 Ballistics
42:53 Bloodlines
43:33 Scale Barding Armor
49:16 Chemistry
52:30 Elite Gbeto
53:24 Heavy Camel Rider
Bouammala
4:19 Loom
16:15 Feudal Age
18:59 Double-Bit Axe
19:08 Gold Mining
21:06 Bloodlines
20:53 Stone Mining
23:26 Castle Age
21:13 Horse Collar
22:09 Forging
22:06 Scale Barding Armor
22:47 Scale Mail Armor
22:40 Fishing Lines
26:42 Fletching
35:18 Masonry
35:29 Ballistics
37:47 Iron Casting
38:23 Heavy Plow
39:40 Wheelbarrow
41:19 Chain Mail Armor
41:13 Arson
41:14 Gambesons
40:50 Man-at-Arms
41:28 Gillnets
46:44 Imperial Age
44:02 Town Watch
44:51 Chain Barding Armor
46:34 Pikeman
47:14 Squires
48:52 Chemistry
48:58 Conscription
48:30 Cavalier
49:53 Bow Saw
50:53 Bodkin Arrow
52:54 Two-Man Saw
52:12 Halberdier
54:50 Hand Cart
54:37 Town Patrol
Connection lost

Rejoining the realm…

Still unreachable

The connection could not be restored.

Session expired

The server has moved on; the page needs a fresh start.